 Dungeon Crawl Stone Soup version 0.30-a0-422-g946f4849ff (webtiles) character file.

Game seed: 12353454217099849966

224 porpoise the Chopper (level 6, -1/49 HPs)
             Began as a Formicid Monk on Dec 9, 2022.
             Slain by an iguana (12 damage)
             ... on level 4 of the Dungeon.
             The game lasted 00:12:40 (3354 turns).

porpoise the Chopper (Formicid Monk)                Turns: 3354, Time: 00:12:41

Health: -1/49      AC:  4    Str: 17    XL:     6   Next: 20%
Magic:  6/6        EV: 13    Int: 10    God:
Gold:   124        SH:  0    Dex: 16    Spells: 5/5 levels left

rFire   . . .      SeeInvis +    a - +0 hand axe
rCold   . . .      Faith    .    (no shield)
rNeg    . . .      Spirit   .    h - +0 leather armour
rPois   .          Reflect  .    (helmet unavailable)
rElec   .          Harm     .    (no cloak)
rCorr   .          Rampage  .    (no gloves)
Will    .....                    j - +0 pair of boots
Stlth   ++........               (no amulet)
HPRegen 0.28/turn                (no ring)
MPRegen 0.10/turn                (no ring)

@: no status effects
A: permanent stasis, dig shafts and tunnels, antennae 3, four strong arms
a: Dig, Shaft Self


You were on level 4 of the Dungeon.
You visited 1 branch of the dungeon, and saw 4 of its levels.

You collected 124 gold pieces.

Inventory:

Hand Weapons
 a - a +0 hand axe (weapon)
 b - a +0 sling
Missiles
 i - a throwing net
Armour
 h - a +0 leather armour (worn)
 j - a +0 pair of boots (worn)
Jewellery
 v - a ring of fire
Scrolls
 f - a scroll of noise {unknown}
 k - a scroll of identify {unknown}
 l - 4 scrolls of poison
 n - a scroll of vulnerability {unknown}
 p - a scroll of teleportation {unknown}
 q - a scroll of magic mapping {unknown}
 s - a scroll of brand weapon {unknown}
 u - a scroll of immolation {unknown}
Potions
 c - a potion of ambrosia
 d - a potion of degeneration {unknown}
 e - a potion of resistance {unknown}
 g - 2 potions of lignification {unknown}
 m - a potion of attraction {unknown}
 o - a potion of mutation {unknown}
 r - a potion of curing {unknown}
 w - a potion of might {unknown}


   Skills:
 + Level 4.6 Fighting
 * Level 4.7 Axes
 - Level 3.3 Dodging
 - Level 3.8 Stealth


You had 5 spell levels left.
You didn't know any spells.
Your spell library contained the following spells:

 Spells                   Type           Power      Damage    Failure   Level
 Tukima's Dance           Hex            0%         N/A       80%         3
 Passage of Golubria      Tloc           0%         N/A       99%         4
 Yara's Violent Unravell  Hex/Tmut       0%         3d3       100%        5


Dungeon Overview and Level Annotations

Branches:
Dungeon (4/15)
 Temple: D:4-7

Altars:
Hepliaklqana
Makhleb

Shops:
D:1 ?

Annotations:
D:3 2 transporters, pokeman's ghost, amateur DEHW


Innate Abilities, Weirdness & Mutations

You cannot be hasted, slowed, berserked, paralysed or teleported.
You can dig through walls and to a lower floor.
You have a pair of large antennae on your head. (SInv)
Your four strong arms can wield two-handed weapons with a shield.


Message History

Things that are here:
a wand of roots (8); a +0 dagger; an iguana corpse You hit the iguana.
The iguana is moderately wounded.
The iguana barely misses you.
You barely miss the iguana.
The iguana is moderately wounded.
The iguana bites you!
You hit the iguana but do no damage. You punch the iguana, but do no damage.
The iguana is moderately wounded.
The iguana closely misses you.
You hit the iguana but do no damage.
The iguana is moderately wounded.
The iguana barely misses you.
You hit the iguana.
The iguana is heavily wounded.
The iguana closely misses you.
You slash the iguana!
The iguana is almost dead.
The iguana misses you.
You barely miss the iguana.
The iguana is almost dead.
The iguana misses you.
You barely miss the iguana.
The iguana is almost dead.
The iguana bites you!
You closely miss the iguana.
The iguana is almost dead.
The iguana bites you.
You closely miss the iguana.
The iguana is almost dead.
The iguana closely misses you.
You hit the iguana but do no damage.
The iguana is almost dead.
The iguana bites you!
* * * LOW HITPOINT WARNING * * *
You closely miss the iguana.
The iguana is almost dead.
The iguana bites you!
You die...

#.# #.# g~~~# ### #.# #.#
~~~~~~###.##### #.###.##
~~............###.##.#.##
~...................###.###
...~~.....###.###.†## ##..#
.~~..~....# #.# ###.###.#....
~....~.†..###.#####..#.######
..⌠~~......l@......<..##
.~~⌠.......########.###
~....~~...## #.# ~..~~..~..#
#.# .~~....~.... #.#
.....~~...### #.# ....~~.....
..# ~~~~~~###.## ### #g~~~#
###


You could see an iguana.

Vanquished Creatures
  A hound (D:4)
  An iguana (D:4)
  3 gnolls (D:2)
  5 adders
  A worm (D:2)
  A dart slug (D:3)
  3 orcs
  8 ball pythons
  5 endoplasms
  7 giant cockroaches
  5 goblins
  9 hobgoblins
  3 jackals (D:1)
  10 kobolds
  4 quokkas
  8 bats
  3 frilled lizards
  6 rats
83 creatures vanquished.

Notes
Turn   | Place    | Note
-------+----------+-------------------------------------------
     0 | D:1      | porpoise the Formicid Monk began the quest for the Orb.
     0 | D:1      | Reached XP level 1. HP: 18/18 MP: 1/1
    54 | D:1      | Found Pedwug's Magic Scroll Boutique.
   111 | D:1      | Reached XP level 2. HP: 24/24 MP: 2/2
   506 | D:1      | Reached XP level 3. HP: 24/29 MP: 3/3
  1074 | D:2      | Found a faded altar of an unknown god.
  1246 | D:2      | Reached XP level 4. HP: 18/37 MP: 4/4
  1479 | D:2      | Found a hazy altar of Hepliaklqana.
  1728 | D:2      | Reached XP level 5. HP: 42/42 MP: 5/5
  2455 | D:3      | Found a transporter.
  2459 | D:3      | Noticed pokeman's ghost (amateur DEHW)
  2460 | D:3      | Found a transporter.
  3102 | D:3      | Found a burning altar of Makhleb.
  3102 | D:3      | Noticed a balrug
  3106 | D:3      | Noticed an orange demon
  3106 | D:3      | Noticed a hellwing
  3208 | D:4      | Reached XP level 6. HP: 36/49 MP: 6/6
  3354 | D:4      | Slain by an iguana

Illustrated notes

Levels and vault maps discovered:
D:1:      dpeg_arrival_pond, layout_basic, serial_shops,
          nicolae_shop_window_shopping
D:2:      minmay_chambers_of_ones, layout_basic, basic_altar,
          shapermc_ecumenical_altar_venn
D:3:      layout_basic, makhleb_altar_promises_db, gammafunk_ghost_mausoleum
D:4:      cheibrodos_helix_gallery, layout_loops_ring, kennysheep_slug_shrine,
          kennysheep_generic_room_12, uniq_natasha

Skill      XL: |  1  2  3  4  5 |
---------------+----------------+-----
Dodging        | 3 |  3.3
Stealth        | 3 |  3.8
Fighting       | 4 |  4.6
Axes           | 4 |  4.7

Action                   |  1- 3 |  4- 6 || total
-------------------------+-------+-------++-------
Melee: Hand axe          |   128 |   188 ||   316
       Punch             |     1 |     5 ||     6
  Use: Scroll            |     1 |     1 ||     2
 Stab: Sleeping          |     5 |     9 ||    14
Armor: Robe              |    21 |       ||    21
       Leather armour    |    20 |    28 ||    48
Dodge: Dodged            |    99 |   129 ||   228

Table legend: (Time is in decaauts)
 A = Elapsed time spent in this place.
 B = Non-inter-level travel time spent in this place.
 C = Inter-level travel time spent in this place.
 D = Time resting spent in this place.
 E = Time spent auto-exploring this place.
 F = Levels seen in this place.
 G = Mean time per level.
                   A        B        C        D        E       F      G
               +--------+--------+--------+--------+--------+-----+--------+
         Total |   3390 |   3328 |     62 |    744 |   1691 |   4 |  847.5 |
       Dungeon |   3390 |   3328 |     62 |    744 |   1691 |   4 |  847.5 |
               +--------+--------+--------+--------+--------+-----+--------+

Top non-repeatable levels by time:
     D:2: 1494 daAuts
     D:3: 909 daAuts
     D:1: 801 daAuts
     D:4: 185 daAuts
